 Dungeon Crawl Stone Soup version 0.21-a0-529-g8c7b3f5 (webtiles) character file.

101 slep the Chopper (level 4, 0/34 HPs)
             Began as a Demonspawn Gladiator on Dec 10, 2017.
             Killed from afar by an orc wizard (9 damage)
             ... with a puff of flame
             ... on level 2 of the Dungeon.
             The game lasted 00:03:34 (1382 turns).

slep the Chopper (Demonspawn Gladiator)             Turns: 1382, Time: 00:03:34

Health: 0/34       AC:  5    Str: 15    XL:     4   Next: 48%
Magic:  4/4        EV: 13    Int:  9    God:
Gold:   118        SH:  0    Dex: 15    Spells: 3/3 levels left

rFire    . . .     SeeInvis .   a - +0 war axe
rCold    . . .     Gourm    .   (no shield)
rNeg     . . .     Faith    .   b - +0 leather armour
rPois    .         Spirit   .   c - +0 helmet
rElec    .         Reflect  .   u - +0 cloak
rCorr    .         Harm     .   (no gloves)
MR       .....                  (no boots)
Stlth    ..........             (no amulet)
HPRegen  0.11/turn              r - ring of loudness (curse)
MPRegen  0.09/turn              (no ring)

@: no status effects
A: demonic guardian 1, rot immunity
a: no special abilities


You were on level 2 of the Dungeon.
You were not hungry.

You visited 1 branch of the dungeon, and saw 2 of its levels.

You collected 118 gold pieces.

Inventory:

Hand Weapons
 a - a +0 war axe (weapon)
Missiles
 d - 3 throwing nets (quivered)
Armour
 b - a +0 leather armour (worn)
 c - a +0 helmet (worn)
 u - a +0 cloak (worn)
Jewellery
 r - a cursed ring of loudness (left hand)
Wands
 p - a wand of digging (12)
Scrolls
 g - a scroll of enchant armour {unknown}
 h - a scroll of fear {unknown}
 i - a scroll of fog {unknown}
 m - 3 scrolls of teleportation {unknown}
 q - a scroll of noise {unknown}
Potions
 e - a potion of haste {unknown}
 j - a potion of might {unknown}
 k - a potion of cancellation {unknown}
 n - a potion of lignification {unknown}
 o - a potion of degeneration {unknown}
 s - 2 potions of heal wounds {unknown}
Comestibles
 f - 4 bread rations
 l - a royal jelly
 t - 4 fruits
 v - a chunk of flesh


   Skills:
 + Level 2.4 Fighting
 + Level 4.2 Axes
 + Level 1.7 Throwing
 + Level 0.6 Armour
 + Level 3.0 Dodging
 + Level 0.4 Stealth


You had 3 spell levels left.
You didn't know any spells.

Dungeon Overview and Level Annotations

Branches:
Dungeon (2/15)

Altars:


Innate Abilities, Weirdness & Mutations

A weak demonic guardian rushes to your aid.
You are immune to rotting.


Message History

The leopard gecko closely misses you. The leopard gecko bites you.
* * * LOW HITPOINT WARNING * * *
You closely miss the leopard gecko.
The leopard gecko is almost dead.
The leopard gecko bites you but does no damage.
You miss the leopard gecko.
The leopard gecko is almost dead.
The leopard gecko barely misses you. The leopard gecko closely misses you.
You hit the leopard gecko.
You kill the leopard gecko!
You see here a leopard gecko corpse.
You butcher the leopard gecko corpse.
An orc wizard comes into view. It is wielding a dagger.
Things that are here:
2 chunks of flesh; a leopard gecko skeleton You see here a club.
You swap places.
The orc wizard casts a spell at you. The puff of flame hits you!
You die...

###########. ###
............ ###..
##........... ...#
#.########.# #o.#
#.# #.# #@.# #.#
#.####5.# #.#
#....%..# #.#
#..###.## #.# #..#
#.#
##.########..###.#
...†.......>...#.#
##.#.#######.#.#.#
##.#)# #.#.#.#


You could see an orc wizard and a friendly shadow imp.

Vanquished Creatures
  Jessica (D:2)
  Robin (D:2)
  2 adders (D:2)
  2 oozes
  2 worms (D:2)
  A leopard gecko (D:2)
  2 giant cockroaches (D:2)
  10 goblins
  2 hobgoblins (D:2)
  A quokka (D:2)
  2 ball pythons (D:2)
  3 bats
  4 frilled lizards (D:1)
  2 kobolds (D:1)
  2 rats (D:2)
37 creatures vanquished.

Notes
Turn   | Place    | Note
-------+----------+-------------------------------------------
     0 | D:1      | slep the Demonspawn Gladiator began the quest for the Orb.
     0 | D:1      | Reached XP level 1. HP: 16/16 MP: 1/1
    22 | D:1      | Reached skill level 3 in Axes
    79 | D:1      | Gained mutation: You are immune to rotting. [demonic ancestry]
    79 | D:1      | Reached XP level 2. HP: 19/22 MP: 2/2
   858 | D:2      | Gained mutation: A weak demonic guardian rushes to your aid. [demonic ancestry]
   858 | D:2      | Reached XP level 3. HP: 23/28 MP: 3/3
  1012 | D:2      | Noticed Robin
  1026 | D:2      | Killed Robin
  1288 | D:2      | Reached XP level 4. HP: 9/34 MP: 4/4
  1292 | D:2      | Noticed Jessica
  1294 | D:2      | Killed Jessica
  1294 | D:2      | Reached skill level 4 in Axes
  1382 | D:2      | Killed from afar by an orc wizard

Vault maps used:
D:1:      lemuel_arrival_tunnels, minmay_misc_feat_x, minmay_misc_feat_plants
D:2:      lemuel_doored_altar, uniq_robin, uniq_jessica

Skill      XL: |  1  2  3  4 |
---------------+-------------+-----
Axes           | 3 4 |  4.2
Dodging        | 3 |  3.0
Fighting       | |  2.4
Throwing       | |  1.7
Armour         | |  0.6
Stealth        | |  0.4

Action                   |  1- 3 |  4- 6 || total
-------------------------+-------+-------++-------
Melee: War axe           |    92 |    24 ||   116
 Stab: Sleeping          |     1 |       ||     1
  Eat: Chunk             |     1 |     1 ||     2
Armor: Leather armour    |    29 |     6 ||    35
Dodge: Dodged            |    66 |    16 ||    82

Table legend:
 A = Spawn XP
 B = Non-spawn XP
 C = Spawn XP percentage of total XP
 D = Spawn monster count
 E = Non-spawn monster count
 F = Spawn count percentage of total count
 G = Total turns spent on level
                    A         B        C        D         E        F      G
               +---------+---------+-------+---------+---------+-------+---------
         Total |       0 |     145 |   0.0 |       0 |      37 |   0.0 |  1382
               +---------+---------+-------+---------+---------+-------+---------
           D:1 |       0 |      16 |   0.0 |       0 |       9 |   0.0 |   817
           D:2 |       0 |     129 |   0.0 |       0 |      28 |   0.0 |   565
               +---------+---------+-------+---------+---------+-------+---------
